 Dungeon Crawl Stone Soup version 0.25-a0-474-ga8a2ee3166 (webtiles) character file.

Game seed: 8226623949628820031, levelgen mode: deterministic

935 Eurus the Magician (level 7, -1/54 HPs)
             Began as a Mummy Conjurer on Feb 8, 2020.
             Slain by Sigmund
             ... wielding a +2 vorpal scythe
              (4 damage)
             ... on level 5 of the Dungeon.
             The game lasted 00:12:04 (5750 turns).

Eurus the Magician (Mummy Conjurer)                 Turns: 5750, Time: 00:12:05

Health: -1/54      AC:  3    Str: 12    XL:     7   Next: 87%
Magic:  2/15       EV: 12    Int: 16    God:
Gold:   221        SH:  0    Dex: 12    Spells: 10/17 levels left

rFire    x . .     SeeInvis .   i - +0 dagger
rCold    + . .     Gourm    .   (no shield)
rNeg     + + +     Faith    .   a - +0 robe
rPois    ∞         Spirit   .   (no helmet)
rElec    .         Reflect  .   n - +0 cloak
rCorr    .         Harm     .   (no gloves)
MR       .....                  (no boots)
Stlth    ++........             (no amulet)
HPRegen  0.18/turn              (no ring)
MPRegen  0.14/turn              (no ring)

@: no status effects
A: no food or potions, fire vulnerability, cold resistance 1, negative energy
resistance 3, torment resistance, unbreathing
a: no special abilities


You were on level 5 of the Dungeon.
You were not hungry.

You visited 2 branches of the dungeon, and saw 6 of its levels.

You collected 221 gold pieces.

Inventory:

Hand Weapons
 i - a +0 dagger (weapon)
Armour
 a - a +0 robe (worn)
 n - a +0 cloak (worn)
Jewellery
 d - a cursed amulet of inaccuracy {unknown}
 o - an uncursed ring of magical power {unknown}
 q - an uncursed ring of stealth {unknown}
 s - a +1 ring of evasion {unknown}
Wands
 l - a wand of flame (20)
 r - a wand of digging (6)
Scrolls
 b - a scroll of enchant weapon {unknown}
 c - 3 scrolls of teleportation {unknown}
 e - 5 scrolls of remove curse {unknown}
 f - a scroll of noise {unknown}
 g - 2 scrolls of blinking {unknown}
 h - 2 scrolls of enchant armour {unknown}
 j - 2 scrolls of immolation {unknown}
 k - 2 scrolls of fog {unknown}
 m - 3 scrolls of identify {unknown}
 p - a scroll of random uselessness {unknown}


   Skills:
 + Level 4.0 Fighting
 + Level 2.6 Armour
 - Level 1.5 Dodging
 - Level 1.5 Stealth
 + Level 5.7 Spellcasting
 + Level 4.9 Conjurations
 + Level 2.6 Translocations


You had 10 spell levels left.
You knew the following spells:

 Your Spells              Type           Power        Failure   Level  Hunger
a - Magic Dart            Conj           ###.         1%          1    N/A
b - Searing Ray           Conj           ###...       2%          2    N/A
c - Iskenderun's Mystic   Conj/Tloc      ###.....     30%         4    N/A

Your spell library contained the following spells:

 Spells                   Type           Power        Failure   Level  Hunger
 Dazzling Flash           Conj/Hex       ##....       16%         3    N/A
 Fulminant Prism          Conj/Hex       ##........   45%         4    N/A

Dungeon Overview and Level Annotations

Branches:
Dungeon (5/15)             Temple (1/1) D:4

Altars:
Dithmenos
Elyvilon
Fedhas
Gozag
Hepliaklqana
Nemelex Xobeh
Okawaru
Qazlal
Ru
Sif Muna
Vehumet
Wu Jian
Xom
Yredelemnul
Zin
The Shining One

Shops:
D:4 }   D:5 !

Annotations:
D:4 1 runed translucent door, demivan's ghost, amateur TrFi
D:5 1 exclusion, Duvessa; Sigmund


Innate Abilities, Weirdness & Mutations

You do not eat or drink.
Your flesh is vulnerable to fire.
You are immune to poison.
Your flesh is cold resistant. (rC+)
You are immune to negative energy. (rN+++)
You are immune to unholy pain and torment.
You can survive without breathing.


Message History

Confirm with . or Enter, or press ? or * to list all spells.
Aiming: Searing Ray (safe; 2% risk of failure)
Press: ? - help, Shift-Dir - straight line, f - bullfrog zombie
Aim: a bullfrog zombie (moderately damaged)
The searing ray hits the bullfrog zombie!
The bullfrog zombie is heavily damaged. (Press . to maintain the ray.)
The bullfrog zombie misses you. The bullfrog zombie hits you.
The searing ray hits the bullfrog zombie.
The bullfrog zombie is severely damaged.
Something hits you. The bullfrog zombie hits you.
The searing ray hits the bullfrog zombie!
The bullfrog zombie is almost destroyed.
The bullfrog zombie closely misses you. Something hits you!
The searing ray hits the bullfrog zombie.
You destroy the bullfrog zombie!
You finish channeling your searing ray.
Something hits you!
* * * LOW HITPOINT WARNING * * *
You die...

. #... .. #.#####....##.#
..##≈≈≈#.###.#...........#
...≈≈≈≈≈..!..#.###.####..#
.....∩≈≈#####........##†.#####
. +≈≈≈≈≈.†.......)..(.........
.##≈≈≈.####.......#.....#####
......#.......#########'######
...#..#.......<# #..........
.. #..##.....@######........##
#..............'<.......#
#[.###.......###........# ##.#
#.......# ########.# #.#
#.......##########.# #.#
####.#.............# #..
#.###.#.......>.# ##.
###.###.'.........# .
#.......#.........#


There were no monsters in sight!

Vanquished Creatures
  A sky beast (D:5)
  An ice beast (D:5)
  2 centaurs (D:5)
  An ogre (D:4)
  A scorpion (D:4)
  2 crimson imps (D:5)
  A bullfrog zombie (D:5)
  2 orc wizards (D:4)
  An orc priest (D:4)
  A hound (D:3)
  Jessica (D:3)
  A worker ant (D:4)
  Ijyb (D:4)
  2 iguanas
  A worker ant zombie (D:5)
  2 adders (D:3)
  A shadow imp (D:5)
  An ooze (D:1)
  2 adder skeletons (D:4)
  A worm (D:4)
  3 dart slugs
  2 leopard geckos
  5 giant cockroaches
  6 goblins
  7 hobgoblins
  2 jackals (D:3)
  2 quokkas (D:3)
  7 bats
  3 frilled lizards
  4 kobolds
  8 rats
75 creatures vanquished.

Notes
Turn   | Place    | Note
-------+----------+-------------------------------------------
     0 | D:1      | Eurus the Mummy Conjurer began the quest for the Orb.
     0 | D:1      | Reached XP level 1. HP: 13/13 MP: 4/4
   198 | D:1      | Reached skill level 3 in Spellcasting
   280 | D:1      | Reached XP level 2. HP: 20/20 MP: 4/6
   361 | D:1      | Reached skill level 1 in Fighting
   719 | D:1      | Reached XP level 3. HP: 14/26 MP: 1/7
   723 | D:1      | Learned a level 2 spell: Searing Ray
  2516 | D:3      | Reached XP level 4. HP: 33/33 MP: 5/9
  2565 | D:3      | Learned a level 4 spell: Iskenderun's Mystic Blast
  2601 | D:3      | Reached skill level 4 in Spellcasting
  3276 | D:3      | Noticed Jessica
  3280 | D:3      | Killed Jessica
  3280 | D:3      | Reached XP level 5. HP: 35/39 MP: 7/11
  3544 | D:4      | Reached skill level 1 in Armour
  3544 | D:4      | Reached skill level 1 in Translocations
  3591 | D:4      | Found a staircase to the Ecumenical Temple.
  3604 | Temple   | Entered the Ecumenical Temple
  3820 | D:4      | Noticed an ogre
  3831 | D:4      | Killed an ogre
  3831 | D:4      | Reached XP level 6. HP: 30/46 MP: 4/12
  4013 | D:4      | Noticed demivan's ghost (amateur TrFi)
  4022 | D:4      | Found a runed translucent door.
  4221 | D:4      | Found Parghezeu's Gadget Emporium.
  4483 | D:4      | Noticed Ijyb
  4503 | D:4      | Paralysed by Ijyb for 2 turns
  4516 | D:4      | Killed Ijyb
  4764 | D:5      | Entered Level 5 of the Dungeon
  4769 | D:5      | Found Zawiuwau's Distillery.
  4778 | D:5      | Noticed an ice beast
  4790 | D:5      | Killed an ice beast
  4790 | D:5      | Reached skill level 5 in Spellcasting
  4790 | D:5      | Reached XP level 7. HP: 26/52 MP: 2/14
  5399 | D:5      | Noticed Duvessa
  5710 | D:5      | Noticed Sigmund
  5750 | D:5      | Slain by Sigmund

Levels and vault maps discovered:
D:1:      dpeg_arrival_boxes_within_box, layout_basic, minmay_fountain_box,
          chequers_garden, minmay_pentomino_q4
D:2:      layout_loops_ring
D:3:      layout_loops_ring, amethyst_killhole, kennysheep_jessica_study
D:4:      layout_loops_cross, temple_hall, hellmonk_ghost_happy_afterlife,
          serial_shops, shop, first_ration, uniq_ijyb
D:5:      layout_basic, serial_shops, nicolae_shop_waterfront, uniq_sigmund,
          uniq_prince_ribbit1, uniq_duvessa
Temple:   eino_temple_scatter_basement

Skill      XL: |  1  2  3  4  5  6  7 |
---------------+----------------------+-----
Spellcasting   | 3 4 5 |  5.7
Fighting       | 1 2 3 4 |  4.0
Conjurations   | 4 |  4.9
Armour         | 1 2 |  2.6
Translocations | 1 2 |  2.6
Dodging        | |  1.5
Stealth        | |  1.5

Action                   |  1- 3 |  4- 6 |  7- 9 || total
-------------------------+-------+-------+-------++-------
Melee: Club              |    30 |       |       ||    30
       Dagger            |     6 |    29 |     1 ||    36
 Cast: Magic Dart        |    84 |    26 |     3 ||   113
       Searing Ray       |     2 |    20 |    11 ||    33
 Stab: Sleeping          |     1 |       |       ||     1
Armor: Robe              |    20 |     9 |     1 ||    30
Dodge: Dodged            |    40 |    26 |    14 ||    80

Table legend:
 A = Non-vault XP
 B = Vault XP
 C = Vault XP percentage of total XP
 D = Non-vault monster count
 E = Vault monster count
 F = Vault count percentage of total count
                 A         B        C        D         E       F
            +---------+---------+-------+---------+---------+-------
      Total |    1257 |      79 |   5.9 |      70 |       5 |   6.7
            +---------+---------+-------+---------+---------+-------
        D:1 |      58 |       4 |   6.5 |      29 |       2 |   6.5
        D:2 |       6 |       0 |   0.0 |       4 |       0 |   0.0
        D:3 |      93 |      39 |  29.5 |      16 |       2 |  11.1
        D:4 |     395 |      36 |   8.4 |      10 |       1 |   9.1
        D:5 |     705 |       0 |   0.0 |      11 |       0 |   0.0
            +---------+---------+-------+---------+---------+-------
